 Dungeon Sprint DCSS version 0.30-a0-711-gf4ac18a38d (webtiles) character file.

Game seed: 5880940344887901760

0 rocky1 the Shield-Bearer (level 1, -1/19 HPs)
             Began as a Minotaur Fighter on Jan 23, 2023.
             Was an Initiate of Gozag.
             Splashed by a jelly's acid (5 damage)
             ... in the Dungeon (Sprint VI: "Thunderdome").
             The game lasted 00:00:39 (43 turns).

rocky1 the Shield-Bearer (Minotaur Fighter)           Turns: 43, Time: 00:00:39

Health: -1/19      AC:  2    Str: 20    XL:     1   Next: 16%
Magic:  0/0        EV:  9    Int:  5    God:    Gozag
Gold:   263        SH:  4    Dex:  9    Spells: 0/0 levels left

rFire   . . .      SeeInvis .    a - +0 war axe
rCold   . . .      Faith    .    c - +0 buckler
rNeg    . . .      Spirit   .    b - +0 scale mail
rPois   .          Reflect  .    (helmet restricted)
rElec   .          Harm     .    (no cloak)
rCorr   .          Rampage  .    (no gloves)
Will    .....      NoTele   +    (no boots) Stlth
                                 (no amulet)
HPRegen 0.23/turn                (no ring)
MPRegen 0.07/turn                (no ring)

@: corroded
A: horns 2, retaliatory headbutt
a: Renounce Religion, Potion Petition, Call Merchant, Bribe Branch


You were in the Dungeon.
You worshipped Gozag.
Gozag was aware of your devotion.
You visited 1 branch You collected 263 gold pieces.

Inventory:

Hand Weapons
 a - a +0 war axe (weapon)
Armour
 b - a +0 scale mail (worn)
 c - a +0 buckler (worn)
Wands
 l - a wand of acid (5)
 m - a wand of iceblast (5)
Scrolls
 j - 4 scrolls of blinking
 n - 3 scrolls of fog
Potions
 d - a potion of might
 e - a potion of curing
 f - 4 potions of heal wounds
 g - 4 potions of haste
 h - 2 potions of magic
 i - a potion of berserk rage
 k - a potion of resistance


   Skills:
 - Level 3.6 Fighting
 * Level 3.6 Axes
 - Level 3.6 Armour
 - Level 3.6 Shields


You couldn't memorise any spells.
You didn't know any spells.
Your spell library was empty.

Dungeon Overview and Level Annotations

Branches:
Dungeon (1/1)

Altars:
Cheibriados
Fedhas
Gozag
Kikubaaqudgha
Makhleb
Qazlal
Ru
Xom
Yredelemnul
Zin
The Shining One

Shops:
D *[?**[(


Innate Abilities, Weirdness & Mutations

You have a pair of horns on your head.
You reflexively headbutt those who attack you in melee.


Message History

There is a staircase leading out of the dungeon here.
Unknown command.
Found an ancient bone altar of Kikubaaqudgha and a sacrificial altar of Ru.
Get ready!
Unknown command.
Found two altars.
Found a roughly hewn altar of Beogh and a shimmering altar of Xom.
ROUND 1!
FIGHT!
Found Ynuch's Weapon Rack and Qaatoer's Premium Goods.
Found an opulent altar of Gozag.
Found Ceerucot's Basic Armour and Wiat's Miscellaneous Merchandise.
An endoplasm comes into view.
The endoplasm quivers.
Found a stormy altar of Qazlal.
There is a shimmering altar of Xom here.
There is an opulent altar of Gozag here.
You kneel at the altar of Gozag.
Gozag welcomes you!
Gozag waives the service fee.
The endoplasm closely misses you. You furiously retaliate!
You headbutt the endoplasm!
You kill the endoplasm!
Your Axes skill increases to level 3!
You now have 263 gold pieces (gained 63).
Found a snail-covered altar of Cheibriados.
Found a burning altar of Makhleb.
Found Hebbuef's Identification Station.
Found a basalt altar of Yredelemnul and a glowing silver altar of Zin.
Found Ticvusch's Advanced Armour and Lyfo's Jewellery.
A jelly comes into view.
The jelly quivers.
The jelly hits you. The acid corrodes you!
You are splashed with acid!
You hit the jelly but do no damage.
Your hands burn!
* * * LOW HITPOINT WARNING * * *
You headbutt the jelly!
The jelly is heavily wounded.
The jelly hits you but does no damage.
You hit the jelly but do no damage.
Your hands burn!
You die...
Your body crumbles into a pile of gold.

#∩........8.# .8.. ...
............###.. ...
.........# #...# ....
.........# #.<.# .....
.........###...###.....
............###........
#∩........8.# #.8......
##∩___......###......__
######.8....@J...8.###
#⌠...........§#
###.........###
#........_# #_......._#
#_......._# #∩.......∩#
##∩.....∩## ##.....##


You could see a jelly.

Vanquished Creatures
  An endoplasm (D)
1 creature vanquished.

Notes
Turn   | Place    | Note
-------+----------+-------------------------------------------
     0 | D        | rocky1 the Minotaur Fighter began the quest for the Orb.
     0 | D        | Reached XP level 1. HP: 19/19 MP: 0/0
     3 | D        | Found an ancient bone altar of Kikubaaqudgha.
     3 | D        | Found a sacrificial altar of Ru.
     4 | D        | Found a blossoming altar of Fedhas.
     4 | D        | Found a glowing golden altar of the Shining One.
     5 | D        | Found a shimmering altar of Xom.
     5 | D        | Round 1.
     6 | D        | Found an opulent altar of Gozag.
     6 | D        | Found Ynuch's Weapon Rack.
     6 | D        | Found Qaatoer's Premium Goods.
     7 | D        | Found Ceerucot's Basic Armour.
     7 | D        | Found Wiat's Miscellaneous Merchandise.
     9 | D        | Found a stormy altar of Qazlal.
    14 | D        | Became a worshipper of Gozag Ym Sagoz the Greedy
    19 | D        | Found a snail-covered altar of Cheibriados.
    21 | D        | Found a burning altar of Makhleb.
    23 | D        | Found Hebbuef's Identification Station.
    25 | D        | Found a basalt altar of Yredelemnul.
    25 | D        | Found a glowing silver altar of Zin.
    27 | D        | Found Ticvusch's Advanced Armour.
    27 | D        | Found Lyfo's Jewellery.
    38 | D        | Noticed a jelly
    43 | D        | Splashed by a jelly's acid

Illustrated notes

Levels and vault maps discovered:
D:        arena_sprint

Skill      XL: |  1 |
---------------+----+-----
Axes           | 3 |  3.6
Fighting       | |  3.6
Armour         | |  3.6
Shields        | |  3.6

Action                     || total
---------------------------++-------
  Melee: War axe           ||     2
         Headbutt          ||     1
 Armour: Scale mail        ||     1
  Dodge: Dodged            ||     1

Table legend: (Time is in decaauts)
 A = Elapsed time spent in this place.
 B = Non-inter-level travel time spent in this place.
 C = Inter-level travel time spent in this place.
 D = Time resting spent in this place.
 E = Time spent auto-exploring this place.
 F = Levels seen in this place.
 G = Mean time per level.
                   A        B        C        D        E       F      G
               +--------+--------+--------+--------+--------+-----+--------+
         Total |     43 |     43 |      0 |      0 |      0 |   1 |   43.0 |
       Dungeon |     43 |     43 |      0 |      0 |      0 |   1 |   43.0 |
               +--------+--------+--------+--------+--------+-----+--------+

Top non-repeatable levels by time:
       D: 43 daAuts
